 Dungeon Crawl Stone Soup version 0.31-a0-675-g238779eb0a (webtiles) character file.

Game seed: 18320307871523793827

2473097 cforsyth the Conqueror (level 27, 205/205 HPs)
             Began as a Djinni Cinder Acolyte on Sept 5, 2023.
             Was the Champion of Hepliaklqana.
             Escaped with the Orb
             ... and 4 runes!
             The game lasted 03:40:18 (64819 turns).

cforsyth the Conqueror (Djinni Cinder Acolyte)     Turns: 64819, Time: 03:40:18

Health: 205/205    AC: 11    Str: 12    XL:     27
Gold:   7556       EV: 32    Int: 37    God:    Hepliaklqana [******] SH: 18 Dex: 25

rFire   + + .        X - +3 long sword "Siasob" {flame, rElec rPois Str-2 Dex+7}
rCold   + . .        Q - +0 kite shield {reflect}
rNeg    + . .        v - +1 robe of Vines {NoPotionHeal Regen++++}
rPois   ∞            N - +1 helmet of the Endless Friends {rN+ rCorr Int+4}
rElec   +            g - +2 cloak of the Thief {*Fog Slay-2 SInv Stlth+}
rCorr   +            w - +2 pair of gloves of Gypan {MP-9 Str+3 Dex+2}
SInv    +            (boots unavailable)
Will    ++...        t - amulet of regeneration
Stlth   ++           p - ring "Ropsoim" {rC+ Str-2 Dex+3 Slay+4}
HPRegen 5.34/turn    Y - ring "Ehuph" {*Slow rPois rC++ Int+6 Dex+3}
MPRegen 0.00/turn

%: slow self (1%), reflection
@: flying, studying 2 skills
A: reduced essence, sickness immunity, fire resistance 2, cold vulnerability 2,
float, innate caster, HP casting, extra vitality 1, clumsy 1, mutation
resistance 1, regeneration 1, inability to drink after injury 1
0: Orb of Zot
}: 4/15 runes: barnacled, silver, abyssal, gossamer
a: Renounce Religion, Recall Ancestor, Ancestor Identity, Transference, Idealise


You escaped.
You worshipped Hepliaklqana.
Hepliaklqana was exalted by your worship.
You visited 10 branches of the dungeon, and saw 50 of its levels.
You visited the Abyss 2 times.
You visited 1 ziggurat, and saw 11 of its levels.
You also visited: Trove, Ossuary, Gauntlet, Ice Cave and Wizlab.

You collected 11156 gold pieces.
You spent 3600 gold pieces at shops.

Inventory:

Hand Weapons
 y - the +4 dagger of Uroissom {heavy, *Noise rF+ rCorr Str+3}
   (You found it on level 8 of the Dungeon)

   Str+3:     It affects your strength (+3).
   rF+:       It protects you from fire.
   *Noise:    It may make a loud noise when swung.
   rCorr:     It protects you from acid and corrosion.
 P - the +6 Majin-Bo {spellvamp, MP+6 Int+6}
   (You took it off a Hellbinder in a wizard's laboratory)

   Int+6:     It affects your intelligence (+6).
   MP+6:      It affects your magic capacity (+6).
 X - the +3 long sword "Siasob" (weapon) {flame, rElec rPois Str-2 Dex+7}
   (You found it on level 2 of the Shoals)

   Str-2:     It affects your strength (-2).
   Dex+7:     It affects your dexterity (+7).
   rElec:     It insulates you from electricity.
   rPois:     It protects you from poison
Armour
 g - the +2 cloak of the Thief (worn) {*Fog Slay-2 SInv Stlth+}
   (You found it in a wizard's laboratory)

   *Fog:      It may release a thick cloud of smoke when the wearer is hurt.
   Slay-2:    It affects your accuracy & damage with ranged weapons and melee
   (-2).
   SInv:      It lets you see invisible.
   Stlth+:    It makes you more stealthy.
 v - the +1 robe of Vines (worn) {NoPotionHeal Regen++++}
   (You bought it in a shop on level 9 of the Dungeon)

   NoPotionHeal: Its wearer cannot be healed by potions.
   Regen++++: It increases your rate of health regeneration.
 w - the +2 pair of gloves of Gypan (worn) {MP-9 Str+3 Dex+2}
   (You found it on level 5 of the Dungeon)

   Str+3:     It affects your strength (+3).
   Dex+2:     It affects your dexterity (+2).
   MP-9:      It affects your magic capacity (-9).
 N - the +1 helmet of the Endless Friends (worn) {rN+ rCorr Int+4}
   (You found it in a Gauntlet)

   Int+4:     It affects your intelligence (+4).
   rN+:       It protects you from negative energy.
   rCorr:     It protects you from acid and corrosion.
 Q - a +0 kite shield of reflection (worn)
 R - a +1 helmet of see invisible
Magical Staves
 z - the staff "Wiodgher" {rN+ Will+ Conj}
   (You acquired it on level 2 of the Orcish Mines)

   [staff of conjuration]

   Base accuracy: +5 Base damage: 5 Base attack delay: 1.2 This weapon's minimum
   attack delay (0.6) is reached at skill level 12.
   rN+:       It protects you from negative energy.
   Will+:     It increases your willpower.
   Conj:      It increases the power of your Conjurations spells.
   It falls into the 'Staves' category.
   It is a one-handed weapon.
Jewellery
 p - the ring "Ropsoim" (left hand) {rC+ Str-2 Dex+3 Slay+4}
   (You found it in a Gauntlet)

   [ring of slaying]

   Str-2:     It affects your strength (-2).
   Dex+3:     It affects your dexterity (+3).
   Slay+4:    It affects your accuracy & damage with ranged weapons and melee
   (+4).
   rC+:       It protects you from cold.
 q - the necklace of Bloodlust {Fury *Rage Will++ Int-3 Slay+6}
   (You found it on level 8 of the Dungeon)

   [amulet of nothing]

   Fury:      It extends the wearer's berserk rage when killing foes.
   Int-3:     It affects your intelligence (-3).
   Slay+6:    It affects your accuracy & damage with ranged weapons and melee
   (+6).
   Will++:    It greatly increases your willpower.
   *Rage:     It berserks you when you make melee attacks (+50% chance).
 t - an amulet of regeneration (around neck)
 u - the amulet "Heeserod" {Reflect Harm rElec SH+5 Stlth+}
   (You found it in a treasure trove)

   [amulet of reflection]

   Reflect:   It reflects blocked missile attacks.
   rElec:     It insulates you from electricity.
   SH+5:      It affects your SH (+5).
   Harm:      It increases damage dealt and taken.
   Stlth+:    It makes you more stealthy.
 K - a ring of willpower
 M - the amulet "Moynur" {Spirit +Blink rElec Dex-3}
   (You found it in a wizard's laboratory)

   [amulet of guardian spirit]

   Spirit:    It causes incoming damage to be divided between your reserves of
   health and magic.
   Dex-3:     It affects your dexterity (-3).
   rElec:     It insulates you from electricity.
   +Blink:    It lets you blink.
 W - a ring of see invisible
 Y - the ring "Ehuph" (right hand) {*Slow rPois rC++ Int+6 Dex+3}
   (You found it on level 14 of the Dungeon)

   [ring of intelligence]

   Int+6:     It affects your intelligence (+6).
   Dex+3:     It affects your dexterity (+3).
   rC++:      It greatly protects you from cold.
   rPois:     It protects you from poison *Slow: It may slow you when you take
   damage.
Wands
 b - a wand of quicksilver (93)
 i - a wand of mindburst (65)
 B - a wand of roots (108)
 G - a wand of flame (84)
 J - a wand of paralysis (77)
 T - a wand of polymorph (5)
Scrolls
 c - 23 scrolls of teleportation
 e - 4 scrolls of silence
 h - 5 scrolls of revelation
 j - 15 scrolls of fog
 r - 16 scrolls of enchant weapon
 s - 11 scrolls of enchant armour
 x - 4 scrolls of blinking
 D - 10 scrolls of poison
 I - 4 scrolls of torment
 O - 6 scrolls of vulnerability
 U - 2 scrolls of summoning
 V - 4 scrolls of brand weapon
 Z - 6 scrolls of immolation
Potions
 a - 8 potions of resistance
 d - 24 potions of curing
 f - 5 potions of cancellation
 k - 6 potions of enlightenment
 l - 2 potions of mutation
 m - 15 potions of attraction
 n - 7 potions of invisibility
 o - 9 potions of lignification
 A - 12 potions of heal wounds
 C - 6 potions of might
 E - 16 potions of ambrosia
 F - 4 potions of berserk rage
 L - 5 potions of haste
 S - 6 potions of brilliance


   Skills:
 O Level 27 Fighting
 - Level 2.9 Long Blades
 + Level 22.0 Dodging
 - Level 3.0 Stealth
 + Level 20.3 Shields
 + Level 25.8 Spellcasting
 + Level 25.8 Conjurations
 + Level 25.8 Hexes
 + Level 25.8 Summonings
 + Level 25.8 Necromancy
 + Level 25.8 Translocations
 + Level 25.8 Transmutations
 + Level 25.8 Fire Magic
 + Level 25.8 Ice Magic
 + Level 25.8 Air Magic
 + Level 25.8 Earth Magic
 + Level 25.8 Poison Magic


You knew the following spells:

 Your Spells              Type           Power      Damage    Failure   Level
a - Scorch                Fire           100%       2d9       0%          2
b - Summon Small Mammal   Summ           100%       N/A       0%          1
c - Blink                 Tloc           100%       N/A       0%          2
d - Stone Arrow           Conj/Erth      100%       3d13      0%          3
e - Ignite Poison         Fire/Tmut/Pois 100%       N/A       0%          3
f - Passage of Golubria   Tloc           100%       N/A       0%          4
g - Borgnjor's Vile Clut  Necr/Erth      63%        N/A       0%          5
h - Starburst             Conj/Fire      63%        6d17      0%          6
i - Enfeeble              Hex            63%        N/A       0%          7
j - Simulacrum            Ice/Necr       63%        N/A       0%          6
k - Malign Gateway        Summ/Tloc      63%        N/A       0%          7
l - Summon Horrible Thin  Summ           63%        N/A       1%          8
m - Death's Door          Necr           63%        N/A       1%          9
n - Shatter               Erth           63%        3d47*     1%          9
Your spell library was empty.

Dungeon Overview and Level Annotations

Branches:
Dungeon (15/15)            Temple (0/1) D:5            Lair (5/5) D:9
 Shoals (4/4) Lair:2       Spider (4/4) Lair:3        Slime (0/5) Lair:5
    Orc (2/2) D:11            Elf (3/3) Orc:2        Vaults (5/5) D:13
  Crypt (3/3) Vaults:3       Tomb (0/3) Crypt:3      Depths (4/4) D:15
    Zot (5/5) Depths:4    Ossuary (visited)           IceCv (visited)
 WizLab (visited)         Gauntlet (visited)

Altars:
Elyvilon
Fedhas
Hepliaklqana
Makhleb
Nemelex Xobeh
Okawaru
Ru
Uskayaw
Wu Jian
Xom
Yredelemnul
Zin
The Shining One
Jiyva
Lugonu

Shops:
D:2 *   D:4 [   D:9 [   D:15 *   Orc:2 =:*?:**   Elf:1 *((*   Vaults:4 [
Vaults:5 [   Depths:4 *(([

Portals:
Hell: Depths:1 Depths:2 Depths:3 Depths:4
Abyss: Lair:5 Depths:2 Depths:3
Pandemonium: Depths:1 Depths:2


Innate Abilities, Weirdness & Mutations

Your life essence is reduced to manifest your ancestor. (-10% HP)
You are immune to sickness and miasma.
You are immune to poison.
Your flesh is very heat resistant. (rF++)
You are very vulnerable to cold. (rC--)
You float through the air rather than walking.
You learn spells naturally, not from books.
Your magical power is your life essence.
You have superior vitality. (+4 MHP)
You are clumsy. (Dex -2)
You are somewhat resistant to further mutation.
Your natural rate of healing is unusually fast.
You occasionally lose the ability to drink potions when taking damage.


Message History

Duaenre is recalled.
What level of the Pits of Slime? (default 1, ? - help)
Okay, then.
Unknown command.
You swap places.
HP restored.
You see here a +0 club.
Things that are here:
a +0 flail; a +0 robe; a +0 dagger
There is a stone staircase leading up here.
You fly upwards.
There is a stone staircase leading down here.
You swap places. 4 hell hounds come into view.
Casting: Stone Arrow (safe; 0% risk of failure)
Confirm with . or Enter, or press ? or * to list all spells.
The dungeon rumbles!
Duaenre avoids your attack.
You kill the hell hound! x4
Ka-crash!
HP restored.
There is a stone staircase leading up here.
You fly upwards.
There is a stone staircase leading down here.
You swap places.
There is a stone staircase leading up here.
You fly upwards.
There is a stone staircase leading down here.
There is a stone staircase leading up here.
You fly upwards.
There is a stone staircase leading down here.
Okay, then.
Casting: Shatter (dangerous; 1% risk of failure)
Confirm with . or Enter, or press ? or * to list all spells.
The dungeon rumbles!
Duaenre avoids your attack.
Ka-crash!
HP restored.
There is a staircase leading out of the dungeon here.
You can't go down here!
You have escaped!

###....).................###
##...##.####.####.####.##...##
#..###...##...##...##...###..#
#.## #.).##.⌠.##.⌠.##.⌠.# ##.#
#.####...##...##...##...####.#
#...###.####.####.####.###...#
#.⌠.###.####.####.####.###.⌠.#
#............................#
##.##.........R@.........##.##
#..†................[...)....#
#.⌠.###.####.####.####.###.⌠.#
##...###.####.#.##.####.###...#
.#.####...##....#...##...####.#
.#.## #.⌠.##.⌠.##(⌠.##.⌠.# ##.#
.#..##....##...##...##...###..#
.##...##.####..###.####.#.:..##
.####......................###


You could see the friendly Duaenre the knight (reflecting).

Vanquished Creatures
  3 dread liches
  2 ancient liches
  2 juggernauts (Depths:3)
  2 royal mummies
  A pandemonium lord (Zot:5)
  3 Killer Klowns (Zot:5)
  Vv (Zot:3)
  Bai Suzhen (Depths:1)
  2 bone dragons (Abyss:2)
  3 curse toes
  9 golden dragons
  Jory (Depths:3)
  An electric golem (Zot:2)
  A Hell Sentinel (Depths:3)
  3 liches
  9 tentacled monstrosities
  24 Orb Guardians
  3 titans (Vaults:5)
  2 deep elf master archers
  A deep elf blademaster (Elf:3)
  5 quicksilver dragons
  4 ancient champions
  7 death cobs
  A sphinx (Vaults:4)
  Donald (Spider:1)
  6 shadow dragons
  4 tengu reavers
  Aizul (Shoals:4)
  15 storm dragons
  2 revenants
  7 draconian monks
  3 frost giants
  A draconian knight (Zot:1)
  2 fire giants
  An iron dragon (Depths:3)
  A deep elf elementalist (Elf:2)
  3 emperor scorpions
  3 deep elf sorcerers
  5 draconian shifters
  4 draconian scorchers
  2 draconian stormcallers
  9 vault wardens
  4 ghost moths
  8 broodmothers (Spider:4)
  4 draconian annihilators
  3 cacodemons
  An orc warlord (Vaults:1)
  An angel (Abyss:3)
  3 ghouls
  3 formless jellyfish
  A curse skull (Crypt:3)
  A demonspawn corrupter (Depths:3)
  An ironbound thunderhulk (Vaults:3)
  8 very ugly things
  15 ironbound preservers
  12 stone giants
  A demonspawn blood saint (WizLab)
  6 green draconians
  9 deep elf demonologists
  4 deep elf annihilators
  7 red draconians
  7 vampire knights
  13 white draconians
  3 black draconians
  A minotaur (Gauntlet)
  10 yellow draconians
  13 purple draconians
  Snorg (D:12)
  2 spark wasps
  4 dire elephants
  2 mummy priests
  4 ettins
  An eidolon (Crypt:3)
  3 fire dragons
  3 merfolk javelineers
  Josephine (D:10)
  A blizzard demon (Depths:3)
  6 deep elf death magi
  5 great orbs of eyes
  9 yaktaur captains
  7 jiangshi
  The ghost of Fodor the Protected, a journeyman MiFi of Gozag (Orc:2)
  5 entropy weavers
  7 hydras
  Harold (Orc:1)
  26 vault guards
  5 spriggan air magi (Depths:2)
  3 deep elf high priests (Elf:3)
  3 ice dragons (Depths:2)
  2 hell beasts (Depths:3)
  A catoblepas (Lair:1)
  7 merfolk impalers
  2 radroaches
  3 jorogumos (Spider:1)
  2 merfolk avatars
  2 ironbound frosthearts
  2 ogre magi (Vaults:5)
  An anaconda (shapeshifter) (Zig:8)
  3 centaur warriors
  2 death knights
  2 merfolk aquamancers (Shoals:4)
  6 two-headed ogres
  2 satyrs
  2 alligator snapping turtles
  7 boulder beetles
  3 tengu warriors
  A fenstrider witch skeleton (Crypt:2)
  3 deep troll earth magi
  A hell hog (Gauntlet)
  6 thrashing horrors
  7 demonic crawlers
  6 vampire magi
  22 dancing weapons
  9 death yaks
  4 orc high priests
  5 spriggan berserkers
  A titan zombie (Crypt:2)
  4 hell knights (Depths:4)
  2 fire crabs
  A wretched star (Abyss:3)
  15 deep elf knights
  2 soul eaters
  A sun demon (Zot:1)
  A titan skeleton (Crypt:3)
  A shadow wraith (Crypt:2)
  23 skeletal warriors
  4 skysharks
  2 sea snakes
  3 sixfirhies
  A golden dragon zombie (D:15)
  2 sun moths
  15 deep trolls
  A death drake (shapeshifter) (Vaults:5)
  2 glowing orange brains
  3 bog bodies (Crypt:3)
  2 kraken simulacra
  4 wizards
  An orange crystal statue (Zot:5)
  2 flayed ghosts (Crypt:2)
  3 steelbarb worms
  An anaconda skeleton (Crypt:1)
  2 shadow demons
  7 pharaoh ants
  10 orb spiders
  6 lindwurms
  An obsidian statue (Zig:8)
  9 deep elf archers
  8 phantasmal warriors
  16 deep elf zephyrmancers
  9 ironbound convokers
  An iron dragon zombie (Zig:10)
  7 large abominations
  4 necromancers
  A shadow dragon skeleton (Crypt:1)
  Pikel (D:9)
  12 orc knights
  23 ugly things
  4 cyclopes
  A salamander (shapeshifter) (Lair:5)
  7 orc sorcerers
  12 wolf spiders
  24 deep elf pyromancers
  13 manticores
  13 fauns
  A salamander (Lair:2)
  A worldbinder (Abyss:3)
  An elephant (shapeshifter) (Lair:5)
  21 moths of wrath
  Maurice (D:8)
  5 elephants (Lair:3)
  3 ice statues
  3 merfolk sirens
  9 black mambas
  A dire elephant zombie (Crypt:1)
  A rust devil (Zot:5)
  2 water nymphs (Shoals:4)
  3 orange demons
  3 torpor snails
  9 vault sentinels
  6 gargoyles
  16 cane toads
  A red draconian zombie (Crypt:2)
  An unseen horror (D:11)
  4 smoke demons
  An efreet (D:14)
  A minotaur zombie (Gauntlet)
  Maggie (D:8)
  7 ice devils
  A centaur skeleton (Crypt:2)
  A kobold demonologist (D:12)
  18 yaktaurs
  4 freezing wraiths
  2 tengu conjurers (Depths:3)
  7 rime drakes
  6 komodo dragons
  A hellion (Abyss:3)
  An ancient zyme (Abyss:2)
  10 merfolk
  An iron troll skeleton (Crypt:2)
  2 red devils
  A green draconian skeleton (Crypt:2)
  4 polar bears
  3 spriggan skeletons
  7 guardian mummies
  6 trolls
  3 hellwings
  8 meliai
  3 hornets
  A queen bee (Spider:3)
  A yellow draconian skeleton (Crypt:3)
  20 tarantellas
  3 wind drakes
  34 blink frogs
  A mana viper skeleton (Crypt:1)
  A raiju (shapeshifter) (D:15)
  8 raiju
  A harpy skeleton (Abyss:2)
  3 snapping turtles
  24 jumping spiders
  7 slime creatures
  A slime creature (shapeshifter) (Vaults:4)
  10 flying skulls
  2 ynoxinuls
  A centaur simulacrum (Crypt:1)
  10 culicivoras
  An air elemental (Elf:2)
  3 shadows (D:11)
  14 wraiths
  A vampire (D:13)
  3 ushabtiu
  4 spriggans
  6 water elementals
  3 steam dragons
  3 starcursed masses (Abyss:3)
  44 yaks
  Eustachio (D:6)
  9 humans (D:13)
  2 wyverns (D:8)
  13 fire elementals
  11 vampire mosquitoes
  5 basilisks
  6 fire bats (Gauntlet)
  5 chaos spawn
  37 redbacks
  5 alligator snapping turtle simulacra (Shoals:2)
  4 death yak simulacra (Shoals:2)
  2 harpy simulacra (Shoals:2)
  A steam dragon (shapeshifter) (Depths:2)
  A fire bat zombie (Crypt:2)
  13 water moccasins
  2 two-headed ogre zombies (D:11)
  4 wargs
  2 naga zombies (Crypt:1)
  2 acid dragons
  Duvessa (D:5)
  A demonspawn skeleton (Crypt:2)
  5 hell hounds
  25 orc warriors
  7 ogres
  4 ice beasts (Lair:3)
  A boggart (Elf:1)
  A swamp dragon skeleton (Crypt:1)
  12 wolves
  A torpor snail zombie (Crypt:1)
  9 centaurs
  3 phantoms
  A komodo dragon zombie (Crypt:1)
  4 lemures
  An elf zombie (Ossuary)
  A draconian zombie (Crypt:3)
  4 kobold brigands
  10 bullfrogs
  A faun simulacrum (Shoals:2)
  3 merfolk simulacra (Shoals:2)
  A yaktaur skeleton (Crypt:2)
  2 scorpions
  Dowan (D:5)
  11 small abominations
  22 killer bees
  4 lindwurm simulacra (IceCv)
  A troll zombie (D:11)
  2 manticore simulacra (Shoals:2)
  A raiju skeleton (Crypt:1)
  2 vampire bats (D:3)
  A howler monkey (D:7)
  A lava snake (Lair:2)
  3 hounds
  A human zombie (Ossuary)
  A quasit (Abyss:3)
  4 centaur zombies
  4 komodo dragon simulacra (IceCv)
  2 gnoll boudas
  3 jellies
  A sleepcap (D:4)
  A cyclops simulacrum (Shoals:2)
  Crazy Yiuf (D:5)
  16 orc priests
  6 iguanas
  21 orc wizards
  5 ogre zombies (D:11)
  An acid dragon skeleton (Crypt:1)
  A deep dwarf skeleton (Crypt:1)
  A hound skeleton (Crypt:1)
  6 mummies
  5 acid dragon simulacra (IceCv)
  10 gnolls
  8 adders
  4 river rats (D:7)
  A shadow imp (D:4)
  3 white imps
  An ufetubus (D:6)
  8 steam dragon simulacra (IceCv)
  3 worms
  A dart slug (D:3)
  69 orcs
  13 ball pythons
  4 endoplasms
  2 giant cockroaches
  6 goblins
  5 hobgoblins
  30 kobolds
  A quokka (D:3)
  A ball python zombie (Crypt:2)
  9 bats
  An endoplasm zombie (Crypt:3)
  3 frilled lizards (D:2)
  A gnoll skeleton (Crypt:2)
  A goblin skeleton (D:11)
  5 goblin zombies
  2 hobgoblin skeletons (D:11)
  12 hobgoblin zombies
  A jackal zombie (Ossuary)
  13 kobold zombies
  An orc skeleton (D:11)
  22 orc zombies
  2 rats
  3 rat zombies
  A spectral orc (D:7)
  A starspawn tentacle (Abyss:3)
  2 tentacles
1804 creatures vanquished.

Vanquished Creatures (collateral kills)
  3 dread liches
  10 orbs of fire
  Tiamat (Zot:1)
  Mara (Depths:3)
  A juggernaut (Depths:2)
  Sojobo (Depths:3)
  5 caustic shrikes (Depths:4)
  2 curse toes
  2 golden dragons
  Norris (Depths:1)
  A Hellbinder (WizLab)
  3 electric golems
  A walking earthen tome (Depths:3)
  4 Orb Guardians (Zot:5)
  10 tentacled monstrosities
  2 titans
  2 quicksilver dragons
  A deep elf blademaster (Elf:3)
  A lich (Crypt:3)
  4 acid blobs
  5 eldritch tentacles
  Polyphemus (Shoals:3)
  2 sphinxes
  2 deep elf master archers
  A death cob (Zot:1)
  4 tentacled starspawn (Abyss:3)
  3 ancient champions
  6 shadow dragons
  7 tengu reavers
  Frances (Shoals:1)
  2 draconian monks (Zot:1)
  2 revenants
  11 storm dragons
  8 draconian knights
  3 fire giants
  4 deep elf sorcerers
  2 iron dragons
  3 ghost moths
  5 frost giants
  15 vault wardens
  7 ironbound preservers
  4 draconian shifters
  Louise (Elf:3)
  4 draconian stormcallers
  A balrug (Zot:1)
  3 draconian annihilators (Zot:1)
  2 orc warlords
  3 deep elf elementalists (Elf:3)
  A curse skull (Crypt:2)
  3 cacodemons
  2 ghouls (Crypt:3)
  3 quicksilver oozes
  A demonspawn blood saint (Depths:3)
  11 very ugly things
  8 stone giants
  An ophan (Abyss:3)
  A broodmother (Spider:4)
  3 formless jellyfish
  5 ironbound thunderhulks
  4 green draconians
  4 deep elf demonologists
  2 vampire knights
  9 black draconians
  7 dire elephants
  A lorocyproca (WizLab)
  3 purple draconians (Zot:1)
  7 white draconians
  3 deep elf annihilators
  7 red draconians
  4 spark wasps
  4 yellow draconians
  8 merfolk javelineers
  3 blizzard demons (WizLab)
  4 jiangshi
  6 ettins
  2 fire dragons (Depths:2)
  A shambling mangrove (Abyss:3)
  2 deep elf death magi (Elf:3)
  A mummy priest (Zig:10)
  5 merfolk impalers
  5 yaktaur captains
  3 entropy weavers
  3 great orbs of eyes
  4 rakshasas
  4 hell beasts (WizLab)
  15 vault guards
  2 spriggan zombies (D:15)
  A quicksilver dragon skeleton (Crypt:1)
  A catoblepas (Shoals:3)
  3 spriggan air magi
  A ghost crab (Abyss:3)
  5 ice dragons
  5 ironbound frosthearts
  A boulder beetle (Vaults:3)
  2 spriggan skeletons
  2 centaur warriors
  2 deep troll shamans
  10 dancing weapons
  4 death yaks (Shoals:3)
  A tengu warrior (Depths:3)
  2 satyrs
  An orc high priest (Orc:2)
  2 vampire magi
  3 deep troll earth magi (Depths:3)
  A hell hog (Depths:2)
  A naga sharpshooter (Zig:9)
  A demonic crawler (Zig:3)
  2 soul eaters
  3 sun demons
  2 hell knights
  A spriggan berserker (Depths:2)
  6 deep elf knights
  A skyshark (Depths:1)
  2 iron trolls
  2 wretched stars (Abyss:3)
  14 skeletal warriors
  4 sea snakes
  A sixfirhy (Abyss:3)
  A bog body (Crypt:3)
  A sea snake (shapeshifter) (Depths:3)
  19 deep trolls
  3 spriggan riders (Depths:2)
  2 orange crystal statues (Zig:8)
  An orb spider (Spider:3)
  3 flayed ghosts
  A shadow demon (WizLab)
  A glowing orange brain (shapeshifter) (Elf:2)
  2 golden dragon skeletons (Zig:10)
  5 wizards
  3 steelbarb worms
  7 harpies
  4 necromancers
  15 ironbound convokers
  7 deep elf archers
  8 phantasmal warriors
  15 deep elf pyromancers
  10 deep elf zephyrmancers
  10 orc knights
  A wolf spider (shapeshifter) (Depths:3)
  12 fauns
  18 ugly things
  5 cyclopes
  6 manticores
  An orc sorcerer (Zig:2)
  A shining eye (Zig:7)
  10 vault sentinels
  A wolf spider (Spider:4)
  4 merfolk sirens
  A manticore (shapeshifter) (Vaults:5)
  A naga zombie (Crypt:1)
  A frost giant skeleton (Depths:1)
  8 moths of wrath
  2 orange demons (WizLab)
  An eye of devastation (Zig:7)
  2 water nymphs
  2 apocalypse crabs (Abyss:3)
  A smoke demon (Depths:2)
  An ice statue (Zig:8)
  A torpor snail (Spider:2)
  A hellion (WizLab)
  An unseen horror (Abyss:2)
  A black draconian zombie (Crypt:1)
  A dire elephant skeleton (Crypt:2)
  14 yaktaurs
  4 tengu conjurers
  A black draconian skeleton (Crypt:3)
  10 guardian mummies
  A tormentor (Zot:3)
  An ice devil (WizLab)
  An ancient zyme (Abyss:3)
  A meliai (Spider:3)
  A hellwing (WizLab)
  10 merfolk
  A merfolk (shapeshifter) (Vaults:4)
  3 tarantellas
  An ice dragon zombie (Crypt:3)
  A tengu simulacrum (Zig:10)
  2 hornets
  5 wind drakes
  2 raiju (Abyss:2)
  An ettin zombie (Crypt:1)
  A nameless horror (Elf:3)
  9 snapping turtles
  2 large abominations (Abyss:3)
  7 flying skulls
  A black mamba zombie (Crypt:3)
  A jumping spider (Spider:4)
  9 slime creatures
  An ettin skeleton (Crypt:3)
  A shadow (Abyss:2)
  3 culicivoras
  A dire elephant simulacrum (Crypt:1)
  5 water elementals
  2 wraiths
  3 air elementals
  4 ushabtiu
  2 ynoxinuls
  A starcursed mass (Abyss:3)
  A golden eye (Zig:7)
  A wind drake skeleton (Crypt:1)
  A chaos spawn (WizLab)
  2 neqoxecs
  9 redbacks
  A warg (Zig:2)
  A merfolk zombie (Crypt:2)
  A harpy simulacrum (Shoals:2)
  A knight (Spider:4)
  A glowing shapeshifter skeleton (Depths:1)
  2 orc warriors
  An ogre (Zig:2)
  A boggart (Elf:1)
  3 centaurs (D:15)
  2 earth elementals
  A shapeshifter zombie (Crypt:2)
  2 orc priests
  A cyclops simulacrum (Shoals:2)
  2 centaur simulacra (Shoals:2)
  9 mummies
  A steam dragon skeleton (Crypt:3)
  2 orcs (Orc:2)
  2 starspawn tentacles (Abyss:3)
780 creatures vanquished.

Vanquished Creatures (others)
  A kraken (Abyss:3)
  13 eldritch tentacles
  2 draconian knights (Zot:1)
  A vault warden (Vaults:5)
  A ghost moth (Zot:3)
  A deep elf high priest (Vaults:2)
  A yaktaur captain (Vaults:5)
  A spriggan air mage (Depths:2)
  A fire crab (Abyss:3)
  A deep elf archer (Elf:1)
  2 fauns
  A rime drake (IceCv)
  4 yaktaurs
  A freezing wraith (Abyss:3)
  A merfolk (Shoals:3)
  A human (D:13)
  An orc warrior (Vaults:5)
  2 ancestors
  26 knights
  An orc wizard (Orc:1)
  2 orcs (Orc:1)
  4 starspawn tentacles (Abyss:3)
  11 tentacles
80 creatures vanquished.

Grand Total: 2664 creatures vanquished

Notes
Turn   | Place    | Note
-------+----------+-------------------------------------------
     0 | D:1      | cforsyth the Djinni Cinder Acolyte began the quest for the
                  | Orb.
     0 | D:1      | cforsyth set off with the following spells memorised:
                  | Scorch.
     0 | D:1      | Reached XP level 1. HP: 20/20 MP: 0/0
   188 | D:1      | Reached XP level 2. HP: 22/25 MP: 0/0
   554 | D:2      | Found Loec Kid's Assorted Antiques.
   559 | D:2      | Reached XP level 3. HP: 26/30 MP: 0/0
   559 | D:2      | Learned a level 1 spell: Summon Small Mammal
   581 | D:2      | Bought a dark potion for 22 gold pieces
   581 | D:2      | Bought a scroll labelled IFATOG JALO for 25 gold pieces
  1042 | D:2      | Reached XP level 4. HP: 28/37 MP: 0/0
  1424 | D:3      | Reached skill level 4 in Fighting
  1746 | D:3      | Found a faded altar of an unknown god.
  1755 | D:3      | Reached XP level 5. HP: 37/41 MP: 0/0
  1755 | D:3      | Learned a level 2 spell: Blink
  2002 | D:3      | Reached XP level 6. HP: 15/49 MP: 0/0
  2282 | D:4      | Reached skill level 5 in Fighting
  2426 | D:4      | Found Zogaena's Antique Armour Shoppe.
  2466 | D:4      | Reached XP level 7. HP: 42/54 MP: 0/0
  2466 | D:4      | Learned a level 3 spell: Stone Arrow
  3160 | D:5      | Entered Level 5 of the Dungeon
  3316 | D:5      | Identified the +2 pair of gloves of Gypan {MP-9 Str+3
                  | Dex+2}
  3326 | D:5      | Noticed Duvessa
  3331 | D:5      | Killed Duvessa
  3332 | D:5      | Reached skill level 6 in Fighting
  3336 | D:5      | Noticed Dowan
  3546 | D:5      | Killed Dowan
  3713 | D:5      | Found a white marble altar of Elyvilon.
  3717 | D:5      | Found a glowing silver altar of Zin.
  3765 | D:5      | Reached XP level 8. HP: 58/62 MP: 0/0
  3875 | D:5      | Found a staircase to the Ecumenical Temple.
  3880 | D:5      | Reached skill level 5 in Spellcasting
  3880 | D:5      | Reached skill level 5 in Conjurations
  3880 | D:5      | Reached skill level 5 in Hexes
  3880 | D:5      | Reached skill level 5 in Summonings
  3880 | D:5      | Reached skill level 5 in Necromancy
  3880 | D:5      | Reached skill level 5 in Translocations
  3880 | D:5      | Reached skill level 5 in Transmutations
  3880 | D:5      | Reached skill level 5 in Fire Magic
  3880 | D:5      | Reached skill level 5 in Ice Magic
  3880 | D:5      | Reached skill level 5 in Air Magic
  3880 | D:5      | Reached skill level 5 in Earth Magic
  3880 | D:5      | Reached skill level 5 in Poison Magic
  3950 | D:5      | Found a runed translucent door.
  3951 | D:5      | Noticed Crazy Yiuf
  4134 | D:5      | Killed Crazy Yiuf
  4238 | D:2      | Bought a scroll labelled LYUPSONIPU for 25 gold pieces
  4238 | D:2      | Bought a scroll labelled PIOJUO ESUB for 25 gold pieces
  4298 | D:4      | Bought a polished leather armour for 147 gold pieces
  4298 | D:4      | Identified the +2 leather armour of Sif Muna's Scorn {rC+}
                  | (You bought it in a shop on level 4 of the Dungeon)
  4350 | D:6      | Reached skill level 7 in Fighting
  4691 | D:6      | Found a burning altar of Makhleb.
  4907 | D:6      | Noticed a troll
  4913 | D:6      | Killed a troll
  4914 | D:6      | Reached XP level 9. HP: 50/70 MP: 0/0
  4914 | D:6      | Learned a level 3 spell: Ignite Poison
  5025 | D:6      | Noticed Eustachio
  5029 | D:6      | Killed Eustachio
  5030 | D:6      | Reached skill level 8 in Fighting
  5128 | D:6      | Found an iron altar of Okawaru.
  5520 | D:7      | Identified the +0 ring mail "Bimut" {+Blink rC+}
  5536 | D:7      | Noticed a hornet
  5544 | D:7      | Killed a hornet
  5767 | D:7      | Identified the +1 cloak of Yptybec {Int+7}
  5919 | D:7      | Reached skill level 9 in Fighting
  6039 | D:7      | Noticed a gargoyle
  6043 | D:7      | Killed a gargoyle
  6133 | D:7      | Found a basalt altar of Yredelemnul.
  6331 | D:7      | Noticed a white ugly thing
  6504 | D:7      | Noticed a white ugly thing
  6597 | D:7      | Reached XP level 10. HP: 76/79 MP: 0/0
  6661 | D:7      | Killed a white ugly thing
  6662 | D:7      | Reached skill level 10 in Fighting
  6682 | D:7      | Killed a red ugly thing
  6913 | D:8      | Noticed Maurice
  6928 | D:8      | Killed Maurice
  6948 | D:8      | Found a sand-covered staircase.
  6971 | Ossuary  | Entered an ossuary
  7593 | D:8      | Noticed a lindwurm
  7594 | D:8      | Noticed a lindwurm
  7594 | D:8      | Noticed a lindwurm
  7594 | D:8      | Noticed a lindwurm
  7600 | D:8      | Killed a lindwurm
  7601 | D:8      | Reached skill level 11 in Fighting
  7763 | D:8      | Killed a lindwurm
  7766 | D:8      | Killed a lindwurm
  7767 | D:8      | Reached XP level 11. HP: 69/88 MP: 0/0
  7767 | D:8      | Learned a level 4 spell: Passage of Golubria
  7769 | D:8      | Killed a lindwurm
  7770 | D:8      | Found the necklace of Bloodlust {Fury *Rage Will++ Int-3
                  | Slay+6}
  7791 | D:8      | Identified the +4 dagger of Uroissom {heavy, *Noise rF+
                  | rCorr Str+3}
  7961 | D:8      | Found a shimmering altar of Xom.
  7968 | D:8      | Noticed Maggie
  7973 | D:8      | Killed Maggie
  7974 | D:8      | Reached skill level 12 in Fighting
  8044 | D:8      | Found a hide-covered altar of Uskayaw.
  8138 | D:8      | Found a glowing golden altar of the Shining One.
  8374 | D:9      | Noticed a deep elf pyromancer
  8375 | D:9      | Noticed Pikel
  8385 | D:9      | Killed a deep elf pyromancer
  8521 | D:9      | Killed Pikel
  8631 | D:9      | Found a blossoming altar of Fedhas.
  8676 | D:9      | Found a staircase to the Lair.
  8759 | D:9      | Noticed a two-headed ogre
  8762 | D:9      | Killed a two-headed ogre
  8820 | D:9      | Noticed a two-headed ogre
  8826 | D:9      | Killed a two-headed ogre
  8892 | D:9      | Found Liacloeh's Armour Boutique.
  9089 | D:10     | Entered Level 10 of the Dungeon
  9106 | D:10     | Found a hazy altar of Hepliaklqana.
  9242 | D:10     | Noticed Josephine
  9379 | D:10     | Reached skill level 13 in Fighting
  9650 | D:10     | Found a sacrificial altar of Ru.
  9827 | D:10     | Reached skill level 10 in Spellcasting
  9827 | D:10     | Reached skill level 10 in Conjurations
  9827 | D:10     | Reached skill level 10 in Hexes
  9827 | D:10     | Reached skill level 10 in Summonings
  9827 | D:10     | Reached skill level 10 in Necromancy
  9827 | D:10     | Reached skill level 10 in Translocations
  9827 | D:10     | Reached skill level 10 in Transmutations
  9827 | D:10     | Reached skill level 10 in Fire Magic
  9827 | D:10     | Reached skill level 10 in Ice Magic
  9827 | D:10     | Reached skill level 10 in Air Magic
  9827 | D:10     | Reached skill level 10 in Earth Magic
  9827 | D:10     | Reached skill level 10 in Poison Magic
  9829 | D:10     | Reached XP level 12. HP: 70/98 MP: 0/0
  9972 | D:10     | Killed Josephine
 10384 | D:11     | Found a staircase to the Orcish Mines.
 10561 | D:11     | Noticed a boulder beetle
 10572 | D:11     | Killed a boulder beetle
 10573 | D:11     | Reached skill level 14 in Fighting
 10894 | D:11     | Identified the +1 chain mail of Hide-and-Seek {rPois Int+6}
 11052 | D:12     | Noticed a two-headed ogre
 11315 | D:12     | Noticed Snorg
 11326 | D:12     | Killed Snorg
 11671 | D:12     | Noticed a two-headed ogre
 11677 | D:12     | Killed a two-headed ogre
 11678 | D:12     | Noticed a skeletal warrior
 11679 | D:12     | Noticed a skeletal warrior
 11698 | D:12     | Killed a skeletal warrior
 11699 | D:12     | Reached XP level 13. HP: 75/106 MP: 0/0
 11699 | D:12     | Learned a level 5 spell: Borgnjor's Vile Clutch
 12020 | D:12     | Reached skill level 15 in Fighting
 12106 | Lair:1   | Entered Level 1 of the Lair of Beasts
 12173 | Lair:1   | Found a gate leading to a gauntlet.
 12230 | Gauntlet | Entered a Gauntlet
 12230 | Gauntlet | Found a transporter.
 12230 | Gauntlet | Found a transporter.
 12248 | Gauntlet | Found a transporter.
 12264 | Gauntlet | Found a transporter.
 12264 | Gauntlet | Found a transporter.
 12266 | Gauntlet | Found a transporter.
 12266 | Gauntlet | Found a transporter.
 12267 | Gauntlet | Found a transporter.
 12279 | Gauntlet | Found a transporter.
 12297 | Gauntlet | Found a transporter.
 12307 | Gauntlet | Found a transporter.
 12322 | Gauntlet | Found a transporter.
 12342 | Gauntlet | Found a transporter.
 12355 | Gauntlet | Found a transporter.
 12411 | Gauntlet | Noticed a great orb of eyes
 12647 | Gauntlet | Killed a great orb of eyes
 12799 | Gauntlet | Identified the amulet of Lugonu's Hope {Spirit rF+ Str-5
                  | SInv}
 12801 | Gauntlet | Identified the ring "Ropsoim" {rC+ Str-2 Dex+3 Slay+4}
 12863 | Gauntlet | Identified the +1 helmet of the Endless Friends {rN+ rCorr
                  | Int+4}
 12983 | Gauntlet | Noticed a minotaur
 12994 | Gauntlet | Killed a minotaur
 13610 | Lair:1   | Reached skill level 16 in Fighting
 14218 | Lair:1   | Noticed a catoblepas
 14226 | Lair:1   | Killed a catoblepas
 14557 | Lair:2   | Reached XP level 14. HP: 93/116 MP: 0/0
 14662 | Lair:2   | Found a staircase to the Shoals.
 15471 | Lair:3   | Found a hole to the Spider Nest.
 15747 | Lair:3   | Reached skill level 17 in Fighting
 15932 | Lair:3   | Identified the +1 sling of Seejotso {heavy, Will+ MP+9
                  | Int+2}
 16058 | Lair:3   | Found the +3 Mad Mage's Maulers {Infuse+∞ VampMP -Cast}
 17095 | Lair:4   | You are sucked into a shaft and drop 1 floor!
 17095 | Lair:5   | Entered Level 5 of the Lair of Beasts
 17117 | Lair:5   | Found a staircase to the Slime Pits.
 17117 | Lair:5   | Found a viscous altar of Jiyva.
 17321 | Lair:5   | Reached XP level 15. HP: 87/126 MP: 0/0
 17321 | Lair:5   | Learned a level 6 spell: Starburst
 17323 | Lair:5   | Found a frozen archway.
 17383 | IceCv    | Entered an ice cave
 17766 | IceCv    | Identified the ring of Cemm {Fire Int+5 Dex-5}
 17948 | Lair:5   | Reached skill level 18 in Fighting
 18063 | Lair:5   | Reached skill level 1 in Dodging
 18086 | Lair:5   | Reached skill level 1 in Shields
 19829 | Lair:5   | Found a corrupted altar of Lugonu.
 19829 | Lair:5   | Found a one-way gate to the infinite horrors of the Abyss.
 20339 | Lair:4   | Reached skill level 5 in Dodging
 21050 | D:10     | Fell from the grace of Ignis
 21050 | D:10     | Became a worshipper of Hepliaklqana the Forgotten
 21092 | Orc:1    | Entered Level 1 of the Orcish Mines
 21095 | Orc:1    | Reached XP level 16. HP: 121/132 MP: 0/0
 21097 | Orc:1    | Noticed Harold
 21102 | Orc:1    | Reached skill level 5 in Shields
 21485 | Orc:1    | Killed Harold
 21558 | Orc:1    | You are sucked into a shaft and drop 1 floor!
 21558 | Orc:2    | Entered Level 2 of the Orcish Mines
 21564 | Orc:1    | Found an iron altar of Okawaru.
 22289 | Orc:2    | Found a runed translucent gate.
 22289 | Orc:2    | Found a runed translucent gate.
 22289 | Orc:2    | Found a runed translucent gate.
 22293 | Orc:2    | Noticed Fodor's ghost (journeyman MiFi)
 22349 | Orc:1    | You are sucked into a shaft and drop 1 floor!
 22349 | Orc:2    | Found Qysmuhov's Book Shoppe.
 22349 | Orc:2    | Found Siama's General Store.
 22349 | Orc:2    | Found Linurek's Magic Scroll Shoppe.
 22349 | Orc:2    | Found Quirup's Book Boutique.
 22623 | Orc:2    | Found a staircase to the Elven Halls.
 22855 | Orc:2    | Found Ruusch's General Store.
 22860 | Orc:2    | Found Mialoygu's Specific Store.
 23010 | Orc:2    | Identified the +2 mace of the Burning Spider {heavy, rF-
                  | rN+ Str+4 Dex+2}
 23103 | Orc:2    | Found Kios's Jewellery Boutique.
 23113 | Orc:2    | Reached * piety under Hepliaklqana
 23359 | Orc:2    | Bought 2 scrolls of acquirement for 1144 gold pieces
 23359 | Orc:2    | Bought a scroll of teleportation for 33 gold pieces
 23359 | Orc:2    | Bought a scroll of teleportation for 33 gold pieces
 23359 | Orc:2    | Bought a scroll of revelation for 82 gold pieces
 23366 | Orc:2    | Acquired 1008 gold pieces
 23368 | Orc:2    | Acquired the staff "Wiodgher" {rN+ Will+ Conj}
 23441 | Orc:2    | Was forgiven by Ignis
 24426 | D:13     | Found a gate to the Vaults.
 24677 | D:14     | Reached skill level 19 in Fighting
 24784 | D:14     | Reached ** piety under Hepliaklqana
 24785 | D:14     | Remembered your ancestor Duaenre as a knight
 24814 | D:14     | Identified the ring "Ehuph" {*Slow rPois rC++ Int+6 Dex+3}
 24994 | D:9      | Bought the +1 robe of Vines {NoPotionHeal Regen++++} for
                  | 880 gold pieces
 24994 | D:9      | Found the +1 robe of Vines {NoPotionHeal Regen++++}
 25264 | D:14     | Found an ornate altar of the Wu Jian Council.
 25720 | D:15     | Entered Level 15 of the Dungeon
 25745 | D:15     | Found a staircase to the Depths.
 25963 | D:15     | Reached *** piety under Hepliaklqana
 26522 | D:15     | Reached XP level 17. HP: 96/126 MP: 0/0
 26522 | D:15     | Learned a level 7 spell: Enfeeble
 26758 | D:15     | Found Ymoeshroull's Mail-Order Catalogue.
 27021 | Orc:2    | Killed Fodor's ghost
 27055 | Orc:2    | Identified the +2 pair of boots "Acriadyi" {Int+2 Dex+4}
 27254 | Spider:1 | Entered Level 1 of the Spider Nest
 27254 | Spider:1 | Noticed Donald
 27260 | Spider:1 | Killed Donald
 27409 | Spider:1 | Reached **** piety under Hepliaklqana
 27796 | Spider:1 | Reached skill level 15 in Spellcasting
 27796 | Spider:1 | Reached skill level 15 in Conjurations
 27796 | Spider:1 | Reached skill level 15 in Hexes
 27796 | Spider:1 | Reached skill level 15 in Summonings
 27796 | Spider:1 | Reached skill level 15 in Necromancy
 27796 | Spider:1 | Reached skill level 15 in Translocations
 27796 | Spider:1 | Reached skill level 15 in Transmutations
 27796 | Spider:1 | Reached skill level 15 in Fire Magic
 27796 | Spider:1 | Reached skill level 15 in Ice Magic
 27796 | Spider:1 | Reached skill level 15 in Air Magic
 27796 | Spider:1 | Reached skill level 15 in Earth Magic
 27796 | Spider:1 | Reached skill level 15 in Poison Magic
 28730 | Spider:2 | Reached ***** piety under Hepliaklqana
 29517 | Spider:3 | Reached skill level 10 in Dodging
 30072 | Spider:3 | Reached XP level 18. HP: 100/134 MP: 0/0
 30602 | Spider:4 | Entered Level 4 of the Spider Nest
 30636 | Spider:4 | Reached skill level 20 in Fighting
 31046 | Spider:4 | Reached skill level 10 in Shields
 31390 | Spider:4 | Got a gossamer rune of Zot
 31808 | Shoals:1 | Entered Level 1 of the Shoals
 31816 | Shoals:1 | Reached ****** piety under Hepliaklqana
 31992 | Shoals:1 | Reached XP level 19. HP: 86/141 MP: 0/0
 31992 | Shoals:1 | Learned a level 6 spell: Simulacrum
 32148 | Shoals:1 | Noticed Frances
 32158 | Shoals:1 | Killed Frances
 32840 | Shoals:2 | Found a runed translucent gate.
 32841 | Shoals:2 | Found a runed translucent gate.
 32873 | Shoals:2 | Found a runed translucent gate.
 33321 | Shoals:2 | Identified the +3 long sword "Siasob" {flame, rElec rPois
                  | Str-2 Dex+7}
 33389 | Shoals:3 | Noticed Aizul
 33438 | Shoals:3 | Noticed Polyphemus
 33443 | Shoals:3 | Killed Polyphemus
 34096 | Shoals:3 | Identified the +1 scale mail of the Realm of Zot {rElec
                  | Int-5 Stlth+}
 34121 | Shoals:4 | Entered Level 4 of the Shoals
 34129 | Shoals:4 | Reached skill level 21 in Fighting
 34183 | Shoals:4 | Killed Aizul
 34382 | Shoals:4 | Acquired the +0 hat of the Inquisitive Deaths {rC+ Int+2
                  | Stlth+}
 34447 | Shoals:4 | Got a barnacled rune of Zot
 34584 | Shoals:4 | Reached XP level 20. HP: 86/149 MP: 0/0
 34930 | Shoals:4 | Identified the +2 bardiche "Tormentor" {heavy, SInv}
 35287 | Vaults:1 | Entered Level 1 of the Vaults
 36622 | Vaults:2 | Found a portal to a secret trove of treasure.
 36711 | Vaults:2 | Found a magical portal.
 36720 | WizLab   | Entered The Hall of the Hellbinder
 36875 | WizLab   | Reached XP level 21. HP: 147/155 MP: 0/0
 36875 | WizLab   | Learned a level 7 spell: Malign Gateway
 36875 | WizLab   | Found a burning altar of Makhleb.
 36895 | WizLab   | Found the +2 cloak of the Thief {*Fog Slay-2 SInv Stlth+}
 36897 | WizLab   | Noticed Oruatu
 36900 | WizLab   | Killed Oruatu the Hellbinder
 36951 | WizLab   | Identified the amulet "Moynur" {Spirit +Blink rElec Dex-3}
 37360 | Vaults:2 | Reached skill level 15 in Dodging
 37361 | Vaults:2 | Reached skill level 22 in Fighting
 37379 | Vaults:2 | Found the +5 glaive of the Guard {elec, spectral, AC+5}
 38281 | Vaults:3 | Found a staircase to the Crypt.
 38282 | Vaults:3 | Found a basalt altar of Yredelemnul.
 38924 | Vaults:4 | Found Zuutz's Antique Armour Emporium.
 38930 | Vaults:4 | Bought a dazzling leather armour for 238 gold pieces
 38930 | Vaults:4 | Identified the +1 leather armour of Junue {+Blink rF- Str-5
                  | Dex+8} (You bought it in a shop on level 4 of the Vaults)
 39121 | Vaults:4 | Reached XP level 22. HP: 163/163 MP: 0/0
 40096 | Elf:1    | Entered Level 1 of the Elven Halls
 40218 | Elf:1    | Reached skill level 15 in Shields
 40478 | Elf:1    | Found Ymuof's General Store.
 40478 | Elf:1    | Found Ceutori's Assorted Antiques.
 40479 | Elf:1    | Found Guerchus's Weapon Shop.
 40483 | Elf:1    | Found Qogri's Antique Weapon Boutique.
 40486 | Elf:1    | Bought a potion of haste for 170 gold pieces
 41199 | Elf:2    | Found a huge runed translucent gate.
 41199 | Elf:2    | Found a huge runed translucent gate.
 41199 | Elf:2    | Found a huge runed translucent gate.
 41199 | Elf:2    | Found a huge runed translucent gate.
 41204 | Elf:2    | Found a huge runed translucent gate.
 41898 | Elf:3    | Entered Level 3 of the Elven Halls
 41902 | Elf:3    | Reached skill level 23 in Fighting
 41964 | Elf:3    | Reached XP level 23. HP: 155/170 MP: 0/0
 41964 | Elf:3    | Learned a level 8 spell: Summon Horrible Things
 42296 | Elf:3    | Noticed Louise
 42318 | Elf:3    | Killed Louise
 42613 | Elf:3    | Identified the ring "Mabraen" {rN+ rCorr Str+6}
 42659 | Elf:3    | Identified the staff of Ruination {*Slow rPois rC+ Conj}
 42718 | Elf:3    | Identified the +6 halberd of Bifux {pain, rCorr Int-4 SInv}
 42744 | Elf:3    | Identified the +9 trident of Chance {heavy, Str+2}
 42751 | Elf:3    | Identified the +5 arbalest of Eminent Domain {freeze, Str+3
                  | Dex+4}
 42752 | Elf:3    | Identified the +4 hand axe of Greed {heavy, rF- Str+3
                  | Int+5}
 43296 | Crypt:1  | Entered Level 1 of the Crypt
 44359 | Crypt:2  | Reached XP level 24. HP: 155/178 MP: 0/0
 45048 | Crypt:3  | Entered Level 3 of the Crypt
 45378 | Crypt:2  | Reached skill level 24 in Fighting
 45676 | Crypt:3  | Noticed a dread lich
 45690 | Crypt:3  | Killed a dread lich
 45735 | Crypt:3  | Found the +4 skin of Zhor {*Englaciate rC+++ SInv}
 45738 | Crypt:3  | Noticed a curse toe
 45801 | Crypt:3  | Killed a curse toe
 45803 | Crypt:3  | Noticed a curse toe
 45813 | Crypt:3  | Killed a curse toe
 45998 | Crypt:3  | Found a staircase to the Tomb.
 46433 | Crypt:3  | Noticed a dread lich
 46449 | Crypt:3  | Killed a dread lich
 46635 | Crypt:3  | Noticed a dread lich
 46909 | Crypt:3  | Killed a dread lich
 46922 | Crypt:3  | Identified the +5 sling of Ereingirgh {drain, Str+3 Int+5
                  | Dex-4 SInv}
 46928 | Crypt:3  | Identified the ring "Quarole" {MP+9 Int+3}
 46931 | Crypt:3  | Identified the +1 scimitar of Diuxipp {holy, rPois Str+3}
 47265 | Depths:1 | Entered Level 1 of the Depths
 47447 | Depths:1 | Noticed Bai Suzhen
 47463 | Depths:1 | Killed Bai Suzhen
 47522 | Depths:1 | Noticed Norris
 47533 | Depths:1 | Reached XP level 25. HP: 177/185 MP: 0/0
 47533 | Depths:1 | Learned a level 9 spell: Death's Door
 47534 | Depths:1 | Killed Norris
 47756 | Depths:1 | Found a one-way gateway to a ziggurat.
 47776 | Depths:1 | Found a one-way gate leading to the halls of Pandemonium.
 47795 | Depths:1 | Found a gateway to Hell.
 48690 | Vaults:2 | You paid a toll of 8 potions of haste to enter a treasure
                  | trove
 48691 | Trove    | Entered a treasure trove
 48696 | Trove    | Found the +13 scythe of Curses {drain, curses, Drain}
 48715 | Trove    | Identified the amulet "Heeserod" {Reflect Harm rElec SH+5
                  | Stlth+}
 49046 | Vaults:5 | Entered Level 5 of the Vaults
 49050 | Vaults:5 | Reached skill level 25 in Fighting
 49206 | Abyss:2  | Found a corrupted altar of Lugonu.
 49206 | Abyss:2  | Cast into level 2 of the Abyss (a deep elf sorcerer)
 49324 | Abyss:2  | Found a corrupted altar of Lugonu.
 49526 | Vaults:5 | Escaped the Abyss
 49719 | Abyss:3  | Found a corrupted altar of Lugonu.
 49719 | Abyss:3  | Cast into level 3 of the Abyss (a deep elf sorcerer)
 49800 | Abyss:3  | Found a corrupted altar of Lugonu.
 49986 | Abyss:3  | Got an abyssal rune of Zot
 50024 | Abyss:3  | Noticed a dread lich
 50035 | Abyss:3  | Killed a dread lich
 50051 | Vaults:5 | Escaped the Abyss
 50702 | Vaults:4 | Reached XP level 26. HP: 130/195 MP: 0/0
 50856 | Vaults:4 | Reached skill level 26 in Fighting
 51017 | Vaults:5 | Identified the +6 scimitar of Doubt {heavy, Drain +Blink
                  | Str+4}
 51238 | Vaults:5 | Identified the +1 dagger of Usasosal {flame, rN++ Int+3}
 51243 | Vaults:5 | Identified the +1 flail of the Inferno {holy, rF+ rCorr}
 51281 | Vaults:5 | Identified the +8 quarterstaff "Byerurgh" {venom, Str+5
                  | Int+3}
 51338 | Vaults:5 | Identified the ring of the Swan {Drain rN+ Will+ Str-5
                  | Int+6}
 51480 | Vaults:5 | Found Qerelaaqef's Antique Armour Boutique.
 51486 | Vaults:5 | Bought an ichor-stained leather armour for 217 gold pieces
 51486 | Vaults:5 | Identified the +1 leather armour "Ughyck" {Int+4 Dex+3
                  | Stlth+} (You bought it in a shop on level 5 of the Vaults)
 51638 | Vaults:5 | Identified the +2 great sword of Equivalence {flame, Dex+5}
 51800 | Vaults:5 | Identified the +1 scale mail of Limited Liability {rPois}
 52031 | Vaults:5 | Identified the staff "Beetleslayer" {Drain rElec rF+ rC+
                  | Ice}
 52067 | Vaults:5 | Got a silver rune of Zot
 53276 | Depths:2 | Identified the +5 lajatang "Killer Bee's Peril" {venom,
                  | rElec}
 53297 | Depths:2 | Noticed a juggernaut
 53313 | Depths:2 | Killed a juggernaut
 53314 | Depths:2 | Reached XP level 27. HP: 85/203 MP: 0/0
 53314 | Depths:2 | Learned a level 9 spell: Shatter
 53360 | Depths:2 | Reached skill level 27 in Fighting
 53744 | Depths:2 | Identified the +3 demon trident "Jomah" {freeze, rF+ rC+}
 54990 | Depths:3 | You are sucked into a shaft and drop 1 floor!
 54990 | Depths:4 | Entered Level 4 of the Depths
 55051 | Depths:4 | Found Faucacs's Weapon Emporium.
 55092 | Depths:4 | Found a gate to the Realm of Zot.
 55197 | Depths:4 | Found Cianom's Antique Weapon Shoppe.
 55215 | Depths:4 | Bought a jewelled short sword for 192 gold pieces
 55215 | Depths:4 | Identified the +4 short sword of Malaise {flame, rC+ MP+9
                  | Stlth+} (You bought it in a shop on level 4 of the Depths)
 55232 | Depths:4 | Found a sparkling altar of Nemelex Xobeh.
 55405 | Depths:4 | Found Zyheajeg's Armour Boutique.
 55656 | Depths:3 | Noticed Mara
 55666 | Depths:3 | Killed Mara
 55678 | Depths:3 | Noticed Sojobo
 55690 | Depths:3 | Killed Sojobo
 56255 | Depths:3 | Noticed a juggernaut
 56256 | Depths:3 | Noticed Jory
 56266 | Depths:3 | Killed a juggernaut
 56284 | Depths:3 | Killed Jory
 56366 | Depths:3 | Noticed a juggernaut
 56376 | Depths:3 | Killed a juggernaut
 56602 | Depths:4 | Found Neecelud's Assorted Antiques.
 56665 | Depths:4 | Identified the +6 spear "Kogasan" {freeze, SInv}
 56795 | Depths:4 | Bought a scroll of blinking for 262 gold pieces
 56795 | Depths:4 | Bought a scroll of teleportation for 105 gold pieces
 56936 | Zot:1    | Entered Level 1 of the Realm of Zot
 57273 | Zot:1    | Noticed an orb of fire
 57279 | Zot:1    | Killed an orb of fire
 57329 | Zot:1    | Acquired 943 gold pieces
 57422 | Zot:1    | Found the +4 dragonskin cloak
 57422 | Zot:1    | Noticed Tiamat
 57438 | Zot:1    | Killed Tiamat
 57510 | Zot:1    | Acquired 716 gold pieces
 57936 | Zig:1    | Entered Level 1 of a ziggurat
 57946 | Zig:1    | Identified the +6 flail "Cubroac" {flame, Contam MP+9
                  | Dex+2}
 58156 | Zig:2    | Entered Level 2 of a ziggurat
 58192 | Zig:3    | Entered Level 3 of a ziggurat
 58219 | Zig:4    | Entered Level 4 of a ziggurat
 58263 | Zig:5    | Entered Level 5 of a ziggurat
 58307 | Zig:6    | Entered Level 6 of a ziggurat
 58311 | Zig:6    | Noticed a royal mummy
 58322 | Zig:6    | Killed a royal mummy
 58356 | Zig:7    | Entered Level 7 of a ziggurat
 58388 | Zig:7    | Identified the +2 dagger "Pamiaj" {venom, rF+ Dex-3 Stlth+}
 58395 | Zig:8    | Entered Level 8 of a ziggurat
 58402 | Zig:8    | Noticed a dread lich
 58403 | Zig:8    | Noticed an ancient lich
 58413 | Zig:8    | Paralysed by a dread lich for 2 turns
 58416 | Zig:8    | Killed an ancient lich
 58416 | Zig:8    | Killed a dread lich
 58469 | Zig:8    | Identified the amulet of Lust {Faith Will+ Stlth+}
 58476 | Zig:8    | Identified the +2 sling of Somewhere Else {freeze, Will+
                  | Dex+3}
 58589 | Zig:9    | Entered Level 9 of a ziggurat
 58675 | Zig:9    | Identified the +0 ring mail of Midwinter {rN+}
 58680 | Zig:9    | Identified the staff of Outrage {Dex+3 Earth}
 58731 | Zig:10   | Entered Level 10 of a ziggurat
 58740 | Zig:10   | Noticed a royal mummy
 58755 | Zig:10   | Killed a royal mummy
 58939 | Zig:11   | Entered Level 11 of a ziggurat
 58945 | Zig:11   | Noticed a royal mummy
 58949 | Zig:11   | Noticed a royal mummy
 58954 | Zig:11   | Noticed a royal mummy
 58960 | Zig:11   | HP: 2/205 [mummy priest/divine providence (15)]
 58961 | Zig:11   | Found the +2 hat of the Bear Spirit {Spirit, Bear, *Rage
                  | Will++}
 59483 | Zot:2    | Identified the +0 plate armour "Efunuubb" {rC++ Str+3
                  | Slay-2}
 59811 | Zot:2    | Identified the +4 chain mail of the Known World {Will-
                  | Dex+8}
 60302 | Zot:3    | Noticed Vv
 60306 | Zot:3    | Killed Vv
 62030 | Zot:5    | Entered Level 5 of the Realm of Zot
 62872 | Zot:5    | Noticed a Killer Klown
 62878 | Zot:5    | Killed a Killer Klown
 62898 | Zot:5    | Noticed an orb of fire
 62908 | Zot:5    | Noticed an orb of fire
 62919 | Zot:5    | Noticed an orb of fire
 62923 | Zot:5    | Noticed an orb of fire
 62925 | Zot:5    | Gained mutation: Armour fits poorly on your strangely
                  | shaped body. [an orb of fire]
 63135 | Zot:5    | Killed an orb of fire
 63290 | Zot:5    | Killed an orb of fire
 63337 | Zot:5    | Killed an orb of fire
 63345 | Zot:5    | Killed an orb of fire
 63538 | Zot:5    | Noticed an ancient lich
 63551 | Zot:5    | Noticed a Killer Klown
 63555 | Zot:5    | Killed an ancient lich
 63631 | Zot:5    | Noticed a Killer Klown
 63633 | Zot:5    | Killed a Killer Klown
 63647 | Zot:5    | Noticed an orb of fire
 63655 | Zot:5    | Gained mutation: You are agile. (Dex +4, Str/Int -1) [an
                  | orb of fire]
 63655 | Zot:5    | Noticed an orb of fire
 63655 | Zot:5    | Noticed an orb of fire
 63663 | Zot:5    | Killed an orb of fire
 63665 | Zot:5    | Gained mutation: You are dopey. (Int -2) [an orb of fire]
 63669 | Zot:5    | Killed an orb of fire
 63669 | Zot:5    | Noticed an orb of fire
 63672 | Zot:5    | Noticed an orb of fire
 63674 | Zot:5    | Noticed a dread lich
 63675 | Zot:5    | Paralysed by a dread lich for 2 turns
 63675 | Zot:5    | Gained mutation: Your spells are a little easier to cast,
                  | but a little less powerful. [mutagenic glow]
 63677 | Zot:5    | Gained mutation: Your body sometimes deteriorates upon
                  | taking damage. [an orb of fire]
 63689 | Zot:4    | Gained mutation: Your body often deteriorates upon taking
                  | damage. [mutagenic glow]
 63717 | Zot:4    | Lost mutation: You are dopey. (Int -2) [potion of mutation]
 63717 | Zot:4    | Lost mutation: You are agile. (Dex +4, Str/Int -1) [potion
                  | of mutation]
 63717 | Zot:4    | Gained mutation: You sometimes lose your temper in combat.
                  | [potion of mutation]
 63717 | Zot:4    | Gained mutation: You are strong-willed. (Will+) [potion of
                  | mutation]
 63718 | Zot:4    | Lost mutation: Your body often deteriorates upon taking
                  | damage. [potion of mutation]
 63718 | Zot:4    | Lost mutation: Armour fits poorly on your strangely shaped
                  | body. [potion of mutation]
 63718 | Zot:4    | Lost mutation: Your body sometimes deteriorates upon taking
                  | damage. [potion of mutation]
 63718 | Zot:4    | Gained mutation: You have very sharp teeth. [potion of
                  | mutation]
 63718 | Zot:4    | Gained mutation: You are partially covered in iridescent
                  | scales. (AC +2) [potion of mutation]
 63763 | Zot:5    | Killed a dread lich
 63769 | Zot:5    | Gained mutation: You are frail. (-10% HP) [an orb of fire]
 63769 | Zot:5    | Gained mutation: Your body sometimes deteriorates upon
                  | taking damage. [an orb of fire]
 63773 | Zot:5    | Gained mutation: Your spells are easier to cast, but less
                  | powerful. [an orb of fire]
 63774 | Zot:5    | Killed an orb of fire
 63780 | Zot:5    | Killed an orb of fire
 63785 | Zot:4    | Lost mutation: You have very sharp teeth. [potion of
                  | mutation]
 63785 | Zot:4    | Lost mutation: You are frail. (-10% HP) [potion of
                  | mutation]
 63785 | Zot:4    | Gained mutation: Your natural rate of healing is unusually
                  | fast. [potion of mutation]
 63785 | Zot:4    | Gained mutation: You are weak. (Str -2) [potion of
                  | mutation]
 63785 | Zot:4    | Gained mutation: You are frail. (-10% HP) [potion of
                  | mutation]
 63785 | Zot:4    | Gained mutation: You are covered in fur. (AC +1) [potion of
                  | mutation]
 63786 | Zot:4    | Lost mutation: You are covered in fur. (AC +1) [potion of
                  | mutation]
 63786 | Zot:4    | Lost mutation: You are partially covered in iridescent
                  | scales. (AC +2) [potion of mutation]
 63786 | Zot:4    | Gained mutation: You heal very quickly. [potion of
                  | mutation]
 63786 | Zot:4    | Gained mutation: You occasionally lose the ability to drink
                  | potions when taking damage. [potion of mutation]
 63786 | Zot:4    | Gained mutation: You are somewhat resistant to further
                  | mutation. [potion of mutation]
 63787 | Zot:4    | Lost mutation: Your body sometimes deteriorates upon taking
                  | damage. [potion of mutation]
 63787 | Zot:4    | Lost mutation: You are weak. (Str -2) [potion of mutation]
 63787 | Zot:4    | Gained mutation: You are partially covered in large bone
                  | plates. (SH +4) [potion of mutation]
 63788 | Zot:4    | Lost mutation: Your spells are easier to cast, but less
                  | powerful. [potion of mutation]
 63788 | Zot:4    | Lost mutation: You are strong-willed. (Will+) [potion of
                  | mutation]
 63788 | Zot:4    | Lost mutation: Your spells are a little easier to cast, but
                  | a little less powerful. [potion of mutation]
 63789 | Zot:4    | Lost mutation: You are partially covered in large bone
                  | plates. (SH +4) [potion of mutation]
 63789 | Zot:4    | Lost mutation: You are frail. (-10% HP) [potion of
                  | mutation]
 63789 | Zot:4    | Gained mutation: You are dopey. (Int -2) [potion of
                  | mutation]
 63790 | Zot:4    | Lost mutation: You are dopey. (Int -2) [potion of mutation]
 63790 | Zot:4    | Lost mutation: You heal very quickly. [potion of mutation]
 63790 | Zot:4    | Lost mutation: You sometimes lose your temper in combat.
                  | [potion of mutation]
 63935 | Zot:5    | Killed a Killer Klown
 64043 | Zot:5    | Killed an orb of fire
 64323 | Zot:5    | Got the Orb of Zot
 64330 | Zot:5    | Noticed Joderixeg the pandemonium lord
 64339 | Zot:5    | Killed Joderixeg the pandemonium lord
 64634 | D:10     | Gained mutation: You are clumsy. (Dex -2) [a cacodemon]
 64702 | D:6      | Gained mutation: You are very vulnerable to cold. (rC--) [a
                  | cacodemon]
 64819 | D:$      | Escaped with the Orb!

Illustrated notes

Levels and vault maps discovered:
D:1:      dpeg_arrival_chambers_temple_mockup, layout_basic
D:2:      minmay_general_purpose_star, layout_basic, serial_shops,
          nicolae_shop_crystal
D:3:      layout_basic, old_standard_altar, nicolae_ecumenical_snake_handling,
          roderic_batcave, nicolae_the_louvre
D:4:      layout_basic, serial_shops, shop
D:5:      layout_loops_cross, nicolae_overflow_squiral,
          minmay_temple_entry_proselytizer, uniq_duvessa,
          uniq_crazy_yiuf_cottage
D:6:      layout_loops_ring, mainiacjoe_overflow_tiny_flanked,
          mainiacjoe_overflow_alcove_1, st_stairs_14, item_on_display_a,
          uniq_eustachio
D:7:      wad_woods_tower, layout_basic, yredelemnul_forgotten_temple_becter,
          minmay_shattered_shrine
D:8:      layout_basic, mainiacjoe_overflow_brackets, overflow_temple_1_default,
          tso_metal_star, special_room [special_room_orc], enter_ossuary_4,
          small_statue_intersection, minmay_lindwurm_lava, uniq_maggie,
          uniq_maurice
D:9:      layout_cave_pools, fedhas_altar_2, lair_entry_dummy,
          nicolae_take_the_stairs, uniq_pikel
D:10:     layout_loops_corners, nicolae_ru_sacrificial_ziggurat,
          lemuel_doored_altar, uniq_josephine
D:11:     layout_rooms, zombieorc2_lemuel
D:12:     layout_basic, uniq_snorg
D:13:     layout_stronghold, ximxim_vaults_locker_room
D:14:     layout_gridville, nicolae_wu_jian_immortal_techniques
D:15:     gammafunk_depths_entry_grave, layout_basic, minivault_25,
          monkooky_shop_mail_order
Lair:1:   layout_cave_pods, gauntlet_entry_generic, hibernation_bobbens
Lair:2:   layout_gridlike, elwin_shoals_entry_rocks, st_stairs_6
Lair:3:   layout_concentric_octagons, nicolae_spider_entry_lesser_pyramids,
          ice2_lemuel
Lair:4:   layout_layer_cave, st_stairs_11, infiniplex_staircase_pool_2,
          serial_bayou_shore_a
Lair:5:   hellmonk_lair_end_abyssal_woods, layout_gridlike, slime_entry_1,
          portal_ice_cave_demonic_guard, st_stairs_3,
          grunt_forest_large_clearing_hut
Shoals:1: layout_shoals, nicolae_shoals_pincushion_passage, uniq_frances
Shoals:2: layout_shoals, nicolae_shoals_beach_cooler
Shoals:3: layout_shoals, nicolae_shoals_lost_giant_temple, uniq_aizul,
          uniq_polyphemus
Shoals:4: shoals_end_grunt_ice, layout_shoals
Spider:1: layout_chambers, nicolae_spider_claw_tunnel,
          hangedman_spider_tarantella_strand, uniq_donald
Spider:2: layout_chambers, drop_trap
Spider:3: layout_chambers, special_room [special_room_bee],
          spiders_nest_the_unseen
Spider:4: hellmonk_spider_rune_endless_swarm
Orc:1:    layout_caves, okawaru_metal_pillars_1_2, uniq_harold
Orc:2:    grunt_orc_tribal_feast, layout_diamond_mine, serial_shops,
          nicolae_shop_waterfront, biasface_ghost_orc_armoury,
          nicolae_specific_store, abandoned_shop
Elf:1:    nicolae_elf_arrival_fired_up, layout_geoelf_octagon,
          hangedman_elf_disciples, grunt_ministairs_1,
          hangedman_elf_targeted_burst, minmay_shoptagon
Elf:2:    elven_hall_of_blades_hangedman_alternative [grunt_blade_entry_basic],
          layout_gridlike, minivault_19, grunt_megastairs_2
Elf:3:    elf_hall, layout_gridlike, uniq_louise
Vaults:1: v_misc_9, nicolae_vaults_tetromino_L_1,
          nicolae_vaults_sesquioval_fish, v_misc_18,
          nicolae_vaults_big_angled_halls, hangedman_vaults_hat,
          nicolae_vaults_asterisk, layout_vaults_omnigrid
Vaults:2: mu_enter_wizlab_6, nicolae_vaults_border_crossing, v_misc_5,
          nicolae_vaults_network_square, ontoclasm_vaults_misaligned,
          v_pattern_2, minmay_guarded_unrand_guard_vaults,
          nicolae_vaults_apartment_2, nicolae_vaults_diamond_2,
          layout_vaults_omnicross, nicolae_trove_entry_crystal
Vaults:3: v_misc_10, nicolae_vaults_little_squares_5,
          nicolae_vaults_offset_grid_hallway_1, hangedman_vaults_snaps,
          vaults_dpeg_cross, minmay_crypt_entry_necro_gods,
          nicolae_vaults_specimen_jars, v_pattern_5,
          ontoclasm_vaults_misaligned, nicolae_vaults_ellipses_ellipsis,
          ontoclasm_vaults_shuriken, nicolae_vaults_variable_pillar_hall,
          v_misc_16, layout_vaults_maze_snakey
Vaults:4: nicolae_vaults_little_ls, nicolae_vaults_wine_cellar,
          nicolae_vaults_asterisk, nicolae_vaults_windows_and_doors_thing,
          ontoclasm_vaults_water_temple, vaults_mumra_lcd,
          ontoclasm_vaults_loading_screen, nicolae_vaults_house_2,
          layout_vaults_omnibox, serial_shops, shop
Vaults:5: serial_shops
Crypt:1:  layout_gridlike, minivault_25, grunt_megastairs_1
Crypt:2:  layout_chaotic_city, grunt_megastairs_3
Crypt:3:  david_glass_crypt, layout_chaotic_city, tomb_entry_sphere_bobbens,
          corexii_leaking_fountain
Depths:1: layout_honeycomb, enter_ziggurat_d, nicolae_sif_muna_condensation,
          pan_entry, hell_entry, kennysheep_big_empty_room,
          kennysheep_small_square, uniq_norris, uniq_bai_suzhen
Depths:2: evilmike_diamond_2, layout_gridlike, grunt_pan_entry_in_and_out,
          hellmouth_1, abyss_entry, firewood_loft, grunt_megastairs_4,
          minmay_staircase_bubble
Depths:3: minmay_the_grid_triangle_9x9_recursive_3_mashed
          [minmay_the_grid_triangle_9x9_minimal,
          minmay_the_grid_triangle_9x9_descending_squares,
          minmay_the_grid_triangle_9x9_limited_checkers,
          minmay_the_grid_triangle_9x9_prize_center,
          minmay_the_grid_triangle_9x9_from_above,
          minmay_the_grid_triangle_9x9_steps,
          minmay_the_grid_triangle_9x9_flanged_cone,
          minmay_the_grid_triangle_9x9_zippers_horizontal,
          minmay_the_grid_triangle_9x9_intruding_spiral], layout_gridlike,
          grunt_mini_vestibule, abyss_entry_crystal, uniq_sojobo, uniq_mara,
          uniq_jory
Depths:4: grunt_x_marks_the_spot, layout_long_grid, nemelex_spade_bored_becter,
          serial_shops, nicolae_shop_trees, shop,
          nicolae_shop_pleasant_corner_grove, shop, hell_entry,
          minmay_splitting_lines
Zot:1:    layout_misc_corridors, uniq_tiamat
Zot:2:    layout_basic
Zot:3:    layout_gridlike, grunt_ministairs_13, evilmike_ambush
          [evilmike_ambush_outer_pillars, evilmike_ambush_inner_wall_2], uniq_vv
Zot:4:    layout_twisted_circle
Zot:5:    layout_basic

Skill      XL: |  1  2  3  4  5  6  7  8  9 10 11 12 13 14 15 16 17 18 19 20 21 22 23 24 25 26 27 |
---------------+----------------------------------------------------------------------------------+-----
Spellcasting   | 3 4 5 7 8 10 11 12 13 14 15 16 17 18 19 20 21 25 | 25.8
Conjurations   | 3 4 5 7 8 10 11 12 13 14 15 16 17 18 19 20 21 25 | 25.8
Hexes          | 3 4 5 7 8 10 11 12 13 14 15 16 17 18 19 20 21 25 | 25.8
Summonings     | 3 4 5 7 8 10 11 12 13 14 15 16 17 18 19 20 21 25 | 25.8
Necromancy     | 3 4 5 7 8 10 11 12 13 14 15 16 17 18 19 20 21 25 | 25.8
Translocations | 3 4 5 7 8 10 11 12 13 14 15 16 17 18 19 20 21 25 | 25.8
Transmutations | 3 4 5 7 8 10 11 12 13 14 15 16 17 18 19 20 21 25 | 25.8
Fire Magic     | 3 4 5 7 8 10 11 12 13 14 15 16 17 18 19 20 21 25 | 25.8
Ice Magic      | 3 4 5 7 8 10 11 12 13 14 15 16 17 18 19 20 21 25 | 25.8
Air Magic      | 3 4 5 7 8 10 11 12 13 14 15 16 17 18 19 20 21 25 | 25.8
Earth Magic    | 3 4 5 7 8 10 11 12 13 14 15 16 17 18 19 20 21 25 | 25.8
Poison Magic   | 3 4 5 7 8 10 11 12 13 14 15 16 17 18 19 20 21 25 | 25.8
Fighting       | 4 5 6 7 9 11 13 14 16 17 18 19 20 21 22 23 24 25 26 27 | 27.0
Dodging        | 5 8 10 11 13 14 15 16 17 22 | 22.0
Shields        | 4 7 9 10 12 13 14 15 16 20 | 20.3
Stealth        | 3 |  3.0
Long Blades    | |  2.9

Action                     |  1- 3 |  4- 6 |  7- 9 | 10-12 | 13-15 | 16-18 | 19-21 | 22-24 | 25-27 || total
---------------------------+-------+-------+-------+-------+-------+-------+-------+-------+-------++-------
  Melee: Falchion          |    15 |     2 |       |       |       |       |       |       |       ||    17
         Short sword       |       |       |       |    10 |     7 |       |       |       |       ||    17
         Punch             |       |       |       |       |     1 |       |       |       |       ||     1
         Staff             |       |       |       |       |       |     3 |       |       |       ||     3
         Long sword        |       |       |       |       |       |       |    32 |    21 |    40 ||    93
         Bite              |       |       |       |       |       |       |       |       |     2 ||     2
   Cast: Scorch            |    33 |    76 |    27 |    46 |     7 |    24 |    10 |    48 |     9 ||   280
         Stone Arrow       |       |       |   113 |   356 |   492 |   757 |   324 |   600 |   667 ||  3309
         Blink             |       |       |     1 |     1 |     2 |     3 |       |       |       ||     7
         Passage of Golubr |       |       |       |     4 |     2 |     3 |       |     1 |     2 ||    12
         Borgnjor's Vile C |       |       |       |       |   201 |   171 |    80 |   215 |   307 ||   974
         Starburst         |       |       |       |       |     5 |    45 |    42 |    11 |    33 ||   136
         Enfeeble          |       |       |       |       |       |    12 |     7 |     7 |    21 ||    47
         Simulacrum        |       |       |       |       |       |       |   270 |   186 |   268 ||   724
         Malign Gateway    |       |       |       |       |       |       |       |     1 |    19 ||    20
         Summon Horrible T |       |       |       |       |       |       |       |     2 |    30 ||    32
         Death's Door      |       |       |       |       |       |       |       |       |     1 ||     1
         Shatter           |       |       |       |       |       |       |       |       |   214 ||   214
         Summon Small Mamm |       |       |       |       |       |       |       |       |     1 ||     1
 Invoke: Ancestor Life: Kn |       |       |       |       |       |     1 |       |       |       ||     1
         Recall Ancestor   |       |       |       |       |       |     1 |       |     7 |    21 ||    29
  Evoke: Wand              |       |       |       |     2 |       |       |       |     2 |     1 ||     5
    Use: Scroll            |       |       |       |    25 |    10 |     6 |     3 |       |    22 ||    66
         Potion            |       |       |       |       |     2 |     2 |       |       |    10 ||    14
   Stab: Invisible         |       |       |       |       |     1 |       |       |       |     1 ||     2
         Distracted        |       |       |       |       |       |       |     1 |       |     3 ||     4
 Armour: Robe              |    15 |    37 |       |       |       |   248 |   177 |   193 |   575 ||  1245
         Leather armour    |       |       |    44 |   171 |   275 |   118 |       |       |       ||   608
  Dodge: Dodged            |    12 |    24 |    26 |   115 |   135 |   223 |   261 |   295 |   866 ||  1957
  Block: Kite shield       |       |       |       |       |    43 |   259 |   265 |   250 |   609 ||  1426
         Reflection        |       |       |       |       |       |     5 |    49 |    37 |    44 ||   135

Table legend: (Time is in decaauts)
 A = Elapsed time spent in this place.
 B = Non-inter-level travel time spent in this place.
 C = Inter-level travel time spent in this place.
 D = Time resting spent in this place.
 E = Time spent auto-exploring this place.
 F = Levels seen in this place.
 G = Mean time per level.
                   A        B        C        D        E       F      G
               +--------+--------+--------+--------+--------+-----+--------+
         Total |  65081 |  59724 |   5357 |   9682 |  35712 |  68 |  957.1 |
       Dungeon |  16356 |  14322 |   2034 |   1804 |  10040 |  15 | 1090.4 |
          Lair |   7620 |   7134 |    486 |    820 |   4895 |   5 | 1524.0 |
        Shoals |   3323 |   3208 |    115 |      0 |   2314 |   4 |  830.8 |
   Spider Nest |   4465 |   4265 |    200 |     28 |   3390 |   4 | 1116.2 |
  Orcish Mines |   2292 |   2103 |    189 |    342 |   1229 |   2 | 1146.0 |
   Elven Halls |   2974 |   2807 |    167 |     15 |   1845 |   3 |  991.3 |
        Vaults |   7925 |   6828 |   1097 |   1296 |   3777 |   5 | 1585.0 |
         Crypt |   3732 |   3625 |    107 |    845 |   1859 |   3 | 1244.0 |
        Depths |   5942 |   5219 |    723 |   1226 |   2917 |   4 | 1485.5 |
           Zot |   5988 |   5754 |    234 |   1862 |   2432 |   5 | 1197.6 |
         Abyss |    655 |    655 |      0 |     39 |    222 |   2 |  327.5 |
      Ziggurat |   1044 |   1044 |      0 |    458 |     52 |  11 |   94.9 |
         Trove |    242 |    242 |      0 |    200 |      5 |   1 |  242.0 |
       Ossuary |    548 |    548 |      0 |    172 |    200 |   1 |  548.0 |
      Ice Cave |    528 |    528 |      0 |     85 |    219 |   1 |  528.0 |
        Wizlab |    414 |    414 |      0 |      2 |    156 |   1 |  414.0 |
      Gauntlet |   1024 |   1024 |      0 |    486 |    159 |   1 | 1024.0 |
               +--------+--------+--------+--------+--------+-----+--------+

Top non-repeatable levels by time:
Vaults:4: 2675 daAuts
Depths:3: 2114 daAuts
  Lair:5: 2025 daAuts
   Zot:5: 1952 daAuts
  Lair:3: 1777 daAuts
Depths:1: 1628 daAuts
    D:13: 1610 daAuts
  Lair:4: 1583 daAuts
 Crypt:3: 1496 daAuts
Vaults:2: 1495 daAuts
Vaults:5: 1423 daAuts
    D:11: 1402 daAuts
     D:4: 1354 daAuts
    D:10: 1352 daAuts
 Crypt:2: 1298 daAuts
